 Dungeon Crawl Stone Soup version 0.19.5 (webtiles) character file.

1759 Lovchig the Cleaver (level 8, -2/80 HPs)
             Began as a Deep Dwarf Fighter on May 7, 2017.
             Was an Initiate of the Shining One.
             Killed from afar by an electric eel (13 damage)
             ... with a bolt of electricity
             ... on level 5 of the Dungeon.
             The game lasted 00:16:58 (4002 turns).

Lovchig the Cleaver (Deep Dwarf Fighter)            Turns: 4002, Time: 00:16:58

Health: -2/80      AC:  6    Str: 20    XL:     8   Next: 79%
Magic:  5/5        EV: 13    Int:  9    God:    the Shining One [......]
Gold:   158        SH:  0    Dex: 12    Spells: 0 memorised, 7 levels left

rFire  . . .     SeeInvis +     a - +2 war axe
rCold  . . .     Gourm    .     u - +0 steam dragon scales
rNeg   . . .     Faith    .     (no shield)
rPois  +         Spirit   .     (no helmet)
rElec  .         Reflect  .     (no cloak)
rCorr  +         Harm     .     (no gloves)
MR     +....                    (no boots)
Stlth  +.........               (no amulet)
                                b - ring of resist corrosion
                                i - ring of flight

@: non-regenerating, glowing
A: damage resistance, recharge devices, claws 1, talons 1, see invisible, blink,
sense surroundings 1, poison resistance, robust 1, slow regeneration 3, weak 1
a: Device Recharging, Blink, Renounce Religion, Evoke Flight


You were on level 5 of the Dungeon.
You worshipped the Shining One.
The Shining One was noncommittal.
You were hungry.

You visited 1 branch of the dungeon, and saw 5 of its levels.

You collected 218 gold pieces.
You spent 60 gold pieces at shops.

Inventory:

Hand Weapons
 a - a +2 war axe (weapon)
Armour
 u - +0 steam dragon scales (worn)
Jewellery
 b - a ring of resist corrosion (right claw)
 i - a ring of flight (left claw)
Wands
 e - a wand of heal wounds (3/9)
 l - a wand of polymorph (6/24)
Scrolls
 o - a scroll of remove curse
 s - 2 scrolls of enchant armour
 t - a scroll of fog {unknown}
 w - a scroll of recharging
Potions
 c - a potion of heal wounds
 d - a potion of might
 h - a potion of cancellation
 k - 2 potions of invisibility
 m - 2 potions of ambrosia {unknown}
 n - 2 potions of agility {unknown}
 p - a potion of beneficial mutation {unknown}
 q - a potion of haste {unknown}
 v - a potion of degeneration {unknown}
Comestibles
 f - 5 bread rations
 g - a royal jelly
 j - 3 meat rations
 r - a chunk of flesh


   Skills:
 * Level 4.8 Fighting
 * Level 9.4 Axes
 * Level 6.3 Armour
 * Level 3.8 Dodging
   Level 3.2 Shields


You had 7 spell levels left.
You didn't know any spells.

Dungeon Overview and Level Annotations

Branches:
Dungeon (5/15)
 Temple: D:4-7

Altars:
Dithmenos
Gozag
Nemelex Xobeh
Trog
Xom
Zin
The Shining One

Shops:
D:5 !


Innate Abilities, Weirdness & Mutations

You are resistant to damage.
You can recharge devices by infusing magical energy.
You passively map a small area around you.
You do not regenerate.
You have sharp fingernails.
You have sharp toenails.
You have supernaturally acute eyesight. (SInv)
You can translocate small distances at will.
Your system is resistant to poisons. (rPois)
You are robust. (+10% HP)
You are weak. (Str -2)


Message History

Press: ? - help, Shift-Dir - straight line, f - you You feel much better.
This wand has 3 charges left.
The electric eel shoots out a bolt of lightning at you!
The bolt of electricity hits you!
The electric eel shoots out a bolt of lightning at you!
The bolt of electricity hits the plant.
The plant is destroyed!
The bolt of electricity hits you!
You barely miss the electric eel. Your kick misses the electric eel.
The electric eel is almost dead.
You slash the electric eel!
You kill the electric eel!
You enter the shallow water.
Moving in this stuff is going to be slow.
The electric eel shoots out a bolt of lightning at you!
The bolt of electricity hits you!
* * * LOW HITPOINT WARNING * * *
The electric eel shoots out a bolt of lightning at you!
The bolt of electricity hits you!
You die...

..........#.####.#######.........
.......#..#.# #.................
###.......############.........
#..#..###≈≈≈≈....###......... #
###.....##.########.##.........
###....#..#.##≈.?P..##≈#.........
.......#..#.#≈;.PP...#≈#.........
..........#.#≈.(≈....#≈#.#'#.##.#
.......#..#.#≈≈≈@≈..'#.#.#.#.####
.........##≈##≈≈!†..#..#.#.###⌠##
.......###≈##########≈##...##...#
###....##≈##≈..P..##≈≈##.#.#_.♣..
# #....##.#≈≈≈≈....#≈###.#.##...#
###....##.#≈.).....#≈# #.#.###⌠##
..####.##.#≈≈≈≈...'#.# #.#.#.###
..# #.##'##≈)....#..# #.#.#.#.#
..# #.....########.####.#.#.#.##


You could see an electric eel.

Vanquished Creatures
  The ghost of Grujah the Poker, an amateur MfMo (D:3)
  Grinder (D:3)
  Sigmund (D:4)
  A steam dragon (D:4)
  Edmund (D:4)
  An ice beast (D:5)
  A sky beast (D:5)
  An ogre (D:4)
  2 howler monkeys
  5 electric eels (D:5)
  2 orc priests (D:5)
  A hound (D:4)
  2 orc wizards (D:5)
  5 worker ants
  4 gnolls (D:3)
  7 adders
  A shadow imp (D:5)
  2 oozes
  2 worms (D:2)
  2 dart slugs
  2 leopard geckos
  5 orcs
  A giant cockroach (D:5)
  9 hobgoblins
  A quokka (D:2)
  4 bats
  3 frilled lizards
  7 goblins
  5 kobolds
  14 rats
  A plant (D:5)
95 creatures vanquished.

Vanquished Creatures (others)
  2 plants (D:5)
2 creatures vanquished.

Grand Total: 97 creatures vanquished

Notes
Turn   | Place    | Note
-------+----------+-------------------------------------------
     0 | D:1      | Lovchig the Deep Dwarf Fighter began the quest for the Orb.
     0 | D:1      | Reached XP level 1. HP: 20/20 MP: 1/1
   179 | D:1      | Reached XP level 2. HP: 20/27 MP: 2/2
   825 | D:1      | Reached XP level 3. HP: 22/33 MP: 3/3
   932 | D:2      | Reached skill level 3 in Axes
  1009 | D:2      | Found a shadowy altar of Dithmenos.
  1157 | D:2      | Reached XP level 4. HP: 40/42 MP: 4/4
  1689 | D:3      | Found a glowing silver altar of Zin.
  1765 | D:3      | Found a sparkling altar of Nemelex Xobeh.
  1799 | D:3      | Reached skill level 4 in Axes
  1799 | D:3      | Reached skill level 1 in Dodging
  1827 | D:3      | Noticed Grinder
  1828 | D:3      | Paralysed by Grinder for 6 turns
  1840 | D:3      | Paralysed by Grinder for 4 turns
  1853 | D:3      | Killed Grinder
  1853 | D:3      | Reached skill level 5 in Axes
  1853 | D:3      | Reached XP level 5. HP: 37/49 MP: 5/5
  1853 | D:3      | Reached XP level 6. HP: 42/56 MP: 6/6
  1997 | D:3      | Noticed Grujah's ghost (amateur MfMo)
  2018 | D:3      | Killed Grujah's ghost
  2018 | D:3      | Reached skill level 6 in Axes
  2018 | D:3      | Reached skill level 5 in Armour
  2158 | D:3      | Reached XP level 7. HP: 40/62 MP: 7/7
  2563 | D:4      | Noticed a steam dragon
  2588 | D:4      | Killed a steam dragon
  2588 | D:4      | Reached skill level 7 in Axes
  2620 | D:4      | Noticed Edmund
  2632 | D:4      | Killed Edmund
  2645 | D:4      | Noticed Sigmund
  2658 | D:4      | Killed Sigmund
  2658 | D:4      | Reached XP level 8. HP: 40/72 MP: 8/8
  3124 | D:5      | Entered Level 5 of the Dungeon
  3133 | D:5      | Reached skill level 8 in Axes
  3138 | D:5      | Gained mutation: You have sharp toenails. [mutagenic meat]
  3139 | D:5      | Gained mutation: Your muscles are strong. (Str +2) [mutagenic meat]
  3141 | D:5      | Gained mutation: You have sharp fingernails. [mutagenic meat]
  3142 | D:5      | Lost mutation: Your muscles are strong. (Str +2) [mutagenic meat]
  3143 | D:5      | Gained mutation: You have supernaturally acute eyesight. (SInv) [mutagenic meat]
  3275 | D:5      | Found Ruej's Distillery.
  3283 | D:5      | Bought 2 potions of mutation for 60 gold pieces
  3283 | D:5      | Gained mutation: You are weak. (Str -2) [potion of mutation]
  3283 | D:5      | Gained mutation: You can translocate small distances at will. [potion of mutation]
  3283 | D:5      | Gained mutation: Your system is resistant to poisons. (rPois) [potion of mutation]
  3284 | D:5      | Gained mutation: You are robust. (+10% HP) [potion of mutation]
  3555 | D:5      | Found a bloodstained altar of Trog.
  3638 | D:5      | Found a glowing golden altar of the Shining One.
  3692 | D:5      | Found a shimmering altar of Xom.
  3741 | D:5      | Became a worshipper of the Shining One
  3823 | D:5      | Found an opulent altar of Gozag.
  3901 | D:5      | Reached skill level 9 in Axes
  4002 | D:5      | Killed from afar by an electric eel

Skill      XL: |  1  2  3  4  5  6  7  8 |
---------------+-------------------------+-----
Fighting       | 3 4 |  4.8
Axes           | 3 5 6 7 9 |  9.4
Armour         | 4 5 6 |  6.3
Dodging        | 2 3 |  3.8
Shields        | |  3.2

Action                   |  1- 3 |  4- 6 |  7- 9 || total
-------------------------+-------+-------+-------++-------
Melee: War axe           |   114 |    91 |   165 ||   370
       Unarmed           |       |     3 |       ||     3
       Kick              |       |       |    21 ||    21
 Abil: Device Recharging |       |       |     3 ||     3
Evoke: Wand              |     1 |     1 |    18 ||    20
  Use: Scroll            |     1 |     2 |     9 ||    12
       Potion            |       |       |     2 ||     2
  Eat: Chunk             |     1 |     3 |    12 ||    16
Armor: Scale mail        |    53 |    37 |    31 ||   121
       Steam dragon scal |       |       |    21 ||    21
Dodge: Dodged            |    80 |    51 |    86 ||   217
